 Dungeon Crawl Stone Soup version 0.28.0 (webtiles) character file.

Game seed: 12063808360612184981

11321 Peloso the Carver (level 11, -1/99 HPs)
             Began as a Minotaur Fighter on Feb 11, 2022.
             Was an Elder of Okawaru.
             Slain by a manticore (6 damage)
             ... on level 11 of the Dungeon.
             The game lasted 00:27:59 (15711 turns).

Peloso the Carver (Minotaur Fighter)               Turns: 15711, Time: 00:27:59

Health: -1/99      AC: 21    Str: 23    XL:     11   Next: 47%
Magic:  9/11       EV: 10    Int:  5    God:    Okawaru [****..]
Gold:   705        SH:  7    Dex: 12    Spells: 10/10 levels left

rFire   . . .      SeeInvis .   a - +0 long sword
rCold   . . .      Faith    .   c - +0 buckler
rNeg    . . .      Spirit   .   d - +0 plate armour
rPois   .          Reflect  .   (helmet restricted)
rElec   .          Harm     .   y - +0 cloak {Stlth+}
rCorr   .          Rampage  .   f - +0 pair of gloves
Will    .....                   (no boots)
Stlth   ..........              (no amulet)
HPRegen 0.26/turn               (no ring)
MPRegen 0.12/turn               (no ring)

@: heroic, spiked
A: horns 2, retaliatory headbutt
a: Renounce Religion, Heroism, Finesse


You were on level 11 of the Dungeon.
You worshipped Okawaru.
Okawaru was greatly pleased with you.
You visited 2 branches of the dungeon, and saw 12 of its levels.
You also visited: Sewer, Ossuary and Bailey.

You collected 705 gold pieces.

Inventory:

Hand Weapons
 a - a +0 long sword (weapon)
 b - the +6 dagger "Sakhlion" {freeze, rF+ rC+}
   (You found it on level 3 of the Dungeon)

   It freezes those it strikes, dealing additional cold damage.
   It can also slow down cold-blooded creatures.
   rF:        It protects you from fire.
   rC:        It protects you from cold.
Armour
 c - a +0 buckler (worn)
 d - a +0 plate armour (worn)
 f - a +0 pair of gloves (worn)
 m - a +0 scale mail
 n - a +0 chain mail
 x - the +1 ring mail of Inukahis {rElec rN+++ Regen+ Int-3}
   (You found it on level 5 of the Dungeon)

   Int:       It affects your intelligence (-3).
   rElec:     It insulates you from electricity.
   rN:        It renders you almost immune to negative energy.
   Regen:     It increases your rate of health regeneration.
 y - a +0 cloak of stealth (worn)
Jewellery
 F - an amulet of guardian spirit
Wands
 h - a wand of digging (5)
 p - a wand of polymorph (1)
 A - a wand of flame (44)
 G - a wand of iceblast (6)
Scrolls
 g - 4 scrolls of brand weapon
 j - a scroll of blinking
 k - 5 scrolls of summoning
 l - 7 scrolls of enchant weapon
 o - a scroll of acquirement
 r - a scroll of noise
 t - 2 scrolls of magic mapping
 v - a scroll of fear {unknown}
 B - 3 scrolls of enchant armour
 D - a scroll of teleportation
Potions
 e - 2 potions of flight
 i - 3 potions of haste
 q - 3 potions of brilliance {unknown}
 s - 2 potions of heal wounds {unknown}
 u - a potion of lignification {unknown}
 w - a potion of ambrosia {unknown}
 z - a potion of magic {unknown}
 C - a potion of resistance {unknown}
 E - a potion of cancellation


   Skills:
 + Level 9.8(14.8) Fighting
 + Level 1.1(13.2) Short Blades
 + Level 13.8(18.9) Long Blades
 + Level 11.9(16.9) Armour
 + Level 4.1(9.1) Dodging
 + Level 2.3(7.3) Stealth
 + Level 7.1(12.1) Shields
 + Level 1.4 Invocations
 + Level 0.1 Evocations


You had 10 spell levels left.
You didn't know any spells.
Your spell library contained the following spells:

 Spells                   Type           Power      Damage    Failure   Level
 Apportation              Tloc           0%         N/A       99%         1
 Stone Arrow              Conj/Erth      0%         3d7       100%        3
 Passage of Golubria      Tloc           0%         N/A       100%        4
 Alistair's Intoxication  Tmut/Pois      0%         N/A       100%        5
 Yara's Violent Unravell  Hex/Tmut       0%         3d3       100%        5
 Lehudib's Crystal Spear  Conj/Erth      0%         10d2      100%        8
 Animate Skeleton         Necr           Unusable   N/A       N/A         1
 Summon Small Mammal      Summ           Unusable   N/A       N/A         1
 Call Imp                 Summ           Unusable   N/A       N/A         2
 Call Canine Familiar     Summ           Unusable   N/A       N/A         3
 Summon Guardian Golem    Hex/Summ       Unusable   N/A       N/A         3
 Tukima's Dance           Hex            Unusable   N/A       N/A         3
 Animate Armour           Summ/Erth      Unusable   N/A       N/A         4
 Haunt                    Necr/Summ      Unusable   N/A       N/A         7
 Spellforged Servitor     Conj/Summ      Unusable   N/A       N/A         7

Dungeon Overview and Level Annotations

Branches:
Dungeon (11/15)            Temple (1/1) D:7            Lair (0/6) D:9
  Sewer (visited)         Ossuary (visited)          Bailey (visited)
    Orc: D:9-12

Altars:
Ashenzari
Elyvilon
Fedhas
Gozag
Hepliaklqana
Kikubaaqudgha
Makhleb
Nemelex Xobeh
Okawaru
Qazlal
Ru
Sif Muna
Trog
Uskayaw
Vehumet
Wu Jian
Xom
Yredelemnul
Zin
The Shining One

Annotations:
D:8 3 runed translucent doors
D:9 Psyche


Innate Abilities, Weirdness & Mutations

You have a pair of horns on your head.
You reflexively headbutt those who attack you in melee.


Message History

The manticore flicks its tail.
You block the volley of spikes.
The manticore flicks its tail.
The volley of spikes hits you!
The barbed spikes become lodged in your body.
The manticore flicks its tail.
The volley of spikes hits you!
The barbed spikes become lodged in your body.
The manticore flicks its tail.
The volley of spikes hits you!
The barbed spikes become lodged in your body.
The manticore flicks its tail.
The volley of spikes hits you.
The barbed spikes become lodged in your body.
The manticore closely misses you. You furiously retaliate!
You headbutt the manticore.
The manticore claws you but does no damage.
The manticore claws you.
You slash the manticore!
The manticore is moderately wounded.
You hit the manticore but do no damage.
The manticore is moderately wounded.
The manticore bites you!
* * * LOW HITPOINT WARNING * * *
The manticore claws you!
* * * LOW HITPOINT WARNING * * *
The manticore claws you.
* * * LOW HITPOINT WARNING * * *
You gain the combat prowess of a mighty hero.
The manticore bites you but does no damage.
The manticore completely misses you.
The manticore claws you but does no damage.
You closely miss the manticore. Your headbutt misses the manticore.
The manticore is moderately wounded.
The manticore bites you but does no damage.
The manticore claws you but does no damage. x2
You hit the manticore.
The manticore is moderately wounded.
The manticore bites you.
You die...

### ..# #
##.## .##.
...# .....
#..#
......#..#
#....@.#
#..#H#.# #
#.#.#
#.#.#
#.#.#
#.#.#
#.#.#
..#<# ###


You could see a manticore.

Vanquished Creatures
  Gastronok (D:8)
  3 orc knights (Bailey)
  An unseen horror (D:10)
  2 trolls (D:10)
  A hornet (D:8)
  Prince Ribbit (D:8)
  6 slime creatures
  Sigmund (D:5)
  2 wyverns
  12 yaks
  A wraith (D:8)
  2 steam dragons (D:8)
  Edmund (D:5)
  A water moccasin (D:8)
  An acid dragon (D:8)
  Duvessa (D:5)
  7 orc warriors
  2 ice beasts
  2 sky beasts (D:7)
  3 black bears
  3 ogres (D:4)
  2 necrophages (D:5)
  2 phantoms (D:4)
  2 centaurs (D:9)
  3 bullfrogs
  A scorpion (D:3)
  2 water moccasin skeletons (D:5)
  A wyvern skeleton (D:7)
  Dowan (D:5)
  A killer bee (D:4)
  4 wights (D:9)
  2 howler monkeys
  A bullfrog zombie (D:5)
  4 orc priests
  Crazy Yiuf (D:5)
  6 hounds
  Natasha (twice) (D:2)
  4 iguanas
  4 orc wizards
  A hell rat (D:9)
  A killer bee zombie (D:6)
  3 mummies (Ossuary)
  3 howler monkey zombies
  A gnoll (D:4)
  A river rat (D:4)
  11 adders
  An ufetubus (D:5)
  An adder skeleton (D:4)
  3 adder zombies (Ossuary)
  2 worms
  2 dart slugs (D:2)
  38 orcs
  15 ball pythons
  5 bats
  13 endoplasms
  17 giant cockroaches
  11 hobgoblins
  7 kobolds
  15 quokkas
  15 frilled lizards
  11 goblins
  4 goblin zombies (Ossuary)
  2 hobgoblin zombies (Ossuary)
  2 kobold zombies (Ossuary)
  3 quokka zombies (Ossuary)
  7 rats
  4 rat zombies (Ossuary)
296 creatures vanquished.

Vanquished Creatures (others)
  2 bushes (D:9)
  4 plants (D:9)
6 creatures vanquished.

Grand Total: 302 creatures vanquished

Notes
Turn   | Place    | Note
-------+----------+-------------------------------------------
     0 | D:1      | Peloso the Minotaur Fighter began the quest for the Orb.
     0 | D:1      | Reached XP level 1. HP: 19/19 MP: 0/0
   274 | D:1      | Reached XP level 2. HP: 27/27 MP: 1/1
   471 | D:1      | Found a faded altar of an unknown god.
   826 | D:2      | Reached XP level 3. HP: 33/33 MP: 2/2
   890 | D:2      | Got the Reference Book on the Entourage
  1001 | D:2      | Reached skill level 3 in Long Blades
  1257 | D:2      | Noticed Natasha
  1264 | D:2      | Killed Natasha
  1265 | D:2      | Reached skill level 5 in Armour
  1265 | D:2      | Reached XP level 4. HP: 36/40 MP: 3/3
  1689 | D:2      | Noticed Natasha
  1696 | D:2      | Killed Natasha
  1697 | D:2      | Reached skill level 1 in Dodging
  1755 | D:2      | Reached skill level 4 in Long Blades
  1755 | D:2      | Reached XP level 5. HP: 30/46 MP: 4/4
  2027 | D:3      | Found a burning altar of Makhleb.
  2344 | D:3      | Identified the +6 dagger "Sakhlion" {freeze, rF+ rC+}
  2568 | D:3      | Noticed a black bear
  2581 | D:3      | Killed a black bear
  2582 | D:3      | Reached skill level 5 in Long Blades
  2582 | D:3      | Reached XP level 6. HP: 40/53 MP: 5/5
  3203 | D:4      | Reached skill level 1 in Short Blades
  3214 | D:4      | Found a glowing drain.
  3227 | Sewer    | Entered a sewer
  3540 | Sewer    | Reached XP level 7. HP: 57/60 MP: 6/6
  3692 | Sewer    | Reached skill level 6 in Long Blades
  3836 | Sewer    | Reached skill level 5 in Fighting
  4252 | D:4      | Reached skill level 7 in Long Blades
  4751 | D:4      | Reached XP level 8. HP: 68/68 MP: 7/7
  4800 | D:4      | Reached skill level 8 in Long Blades
  5018 | D:4      | Reached skill level 5 in Shields
  5728 | D:5      | Entered Level 5 of the Dungeon
  5744 | D:5      | Reached skill level 9 in Long Blades
  5745 | D:5      | Noticed Sigmund
  5762 | D:5      | Killed Sigmund
  5879 | D:5      | Noticed Edmund
  5897 | D:5      | Killed Edmund
  5898 | D:5      | Reached XP level 9. HP: 10/75 MP: 8/8
  5899 | D:5      | HP: 2/75 [iguana (8)]
  6228 | D:5      | Noticed Dowan
  6232 | D:5      | Noticed Duvessa
  6237 | D:5      | Killed Dowan
  6238 | D:5      | Found a sand-covered staircase.
  6245 | D:5      | Killed Duvessa
  6254 | Ossuary  | Entered an ossuary
  6260 | Ossuary  | Reached skill level 1 in Stealth
  6722 | Ossuary  | Identified a scroll of acquirement
  6756 | D:5      | Reached skill level 10 in Long Blades
  6909 | D:5      | Identified the +1 ring mail of Inukahis {rElec rN+++ Regen+
                  | Int-3}
  6958 | D:5      | Found a runed translucent door.
  6959 | D:5      | Noticed Crazy Yiuf
  7373 | D:5      | Killed Crazy Yiuf
  8602 | D:7      | Reached skill level 11 in Long Blades
  8631 | D:7      | Found a staircase to the Ecumenical Temple.
  8645 | Temple   | Entered the Ecumenical Temple
  8813 | Temple   | Became a worshipper of Warmaster Okawaru
  8864 | D:7      | Reached * piety under Okawaru
  8881 | D:7      | Reached XP level 10. HP: 43/88 MP: 9/9
  9165 | D:7      | Found a glowing silver altar of Zin.
  9230 | D:7      | Found the +8 trident of the Octopus King {venom, rElec
                  | rPois}
  9242 | D:7      | Found an opulent altar of Gozag.
  9330 | D:7      | Found a stormy altar of Qazlal.
  9832 | D:7      | Found a shimmering altar of Xom.
 10236 | D:8      | Identified the +1 robe of the Clam {rPois Dex+3}
 10331 | D:8      | Paralysed by a hornet for 3 turns
 10337 | D:8      | Reached skill level 12 in Long Blades
 10438 | D:8      | Found a flagged portal.
 10498 | Bailey   | Entered a bailey
 10821 | Bailey   | Noticed an orc knight
 10860 | Bailey   | Killed an orc knight
 10860 | Bailey   | Reached ** piety under Okawaru
 10895 | Bailey   | Noticed an orc knight
 10910 | Bailey   | Killed an orc knight
 10911 | Bailey   | Noticed an orc knight
 10965 | Bailey   | HP: 3/90 [orc knight (14)]
 10968 | Bailey   | Killed an orc knight
 10969 | Bailey   | Reached skill level 10 in Armour
 11610 | D:8      | Reached skill level 1 in Invocations
 11723 | D:8      | Reached *** piety under Okawaru
 11906 | D:8      | Found a runed translucent gate.
 11906 | D:8      | Found a runed translucent gate.
 11906 | D:8      | Found a runed translucent gate.
 11906 | D:8      | Noticed a green ugly thing
 11906 | D:8      | Noticed Gastronok
 11906 | D:8      | Noticed a purple ugly thing
 11941 | D:8      | Killed Gastronok
 11942 | D:8      | Reached skill level 13 in Long Blades
 11942 | D:8      | Reached XP level 11. HP: 25/97 MP: 9/11
 11971 | D:8      | Noticed a purple ugly thing
 12018 | D:8      | Noticed a purple ugly thing
 13456 | D:8      | Noticed Prince Ribbit
 13466 | D:8      | Killed Prince Ribbit
 13466 | D:8      | Reached **** piety under Okawaru
 14140 | D:9      | Noticed an eight-headed hydra
 14147 | D:9      | Noticed a death yak
 14147 | D:9      | Noticed a death yak
 14170 | D:9      | Received a gift from Okawaru
 14374 | D:9      | Found a sparkling altar of Nemelex Xobeh.
 14374 | D:9      | Found a broken altar of Ashenzari.
 14379 | D:9      | Found a basalt altar of Yredelemnul.
 14382 | D:9      | Noticed Psyche
 14758 | D:9      | Acquired 589 gold pieces
 14844 | D:9      | Found a staircase to the Lair.
 14861 | D:10     | Entered Level 10 of the Dungeon
 15457 | D:10     | Found a sacrificial altar of Ru.
 15457 | D:10     | Found a blossoming altar of Fedhas.
 15711 | D:11     | Slain by a manticore

Illustrated notes

Levels and vault maps discovered:
D:1:      dpeg_arrival_brainrot, layout_basic,
          shapermc_ecumenical_altar_acropolis
D:2:      minmay_chambers_of_twos, layout_loops_ring, minmay_fractal_squares_5,
          uniq_natasha
D:3:      layout_loops_ring, mainiacjoe_overflow_alcove_1,
          kennysheep_minor_cross
D:4:      layout_basic, gup_sewer_entry_bubbles, grunt_decor_arrowhead,
          nzn_random_ring
D:5:      layout_rooms, nicolae_ossuary_entry_ruins, uniq_crazy_yiuf_cottage,
          uniq_edmund, uniq_sigmund, uniq_duvessa
D:6:      layout_basic, minmay_misc_feat_x, hangedman_decor_clover_reticule,
          hex_large, serial_park_tiny_pond
D:7:      layout_basic, pdpol_temple_overflow_zin_treasury_gozag_greed,
          marbit_many_paths, mainiacjoe_overflow_tiny_flanked,
          minmay_temple_entry_grid
D:8:      layout_loops_corners, ploomutoo_gammafunk_ghost_potion_laboratory,
          enter_bailey_4, uniq_prince_ribbit1, uniq_gastronok
D:9:      layout_stronghold, gammafunk_temple_overflow_forgotten,
          dpeg_lair_monsters, centaur_isle, uniq_psyche
D:10:     layout_long_grid, mainiacjoe_overflow_divided_tiny,
          nicolae_figureground_pulse
D:11:     nzn_winding_woodlands_large [nzn_winding_woodlands_5x5_three,
          nzn_winding_woodlands_5x15_jagged, nzn_winding_woodlands_hourglass,
          nzn_winding_woodlands_center_garden,
          nzn_winding_woodlands_15x15_eel_pit,
          nzn_winding_woodlands_center_diamonds,
          nzn_winding_woodlands_5x5_closed_star,
          nzn_winding_woodlands_5x15_crooked, nzn_winding_woodlands_5x5_cross],
          layout_basic, orc_david_3, serial_aquarium,
          aquarium_bridge_island_small [aquarium_subvault_small_water,
          aquarium_subvault_window, aquarium_subvault_bridge,
          aquarium_subvault_window, aquarium_subvault_bridge],
          aquarium_window_2, aquarium_window_fake, aquarium_view_2e,
          aquarium_view_2a, aquarium_pool_2, yredelemnul_altar_generic,
          uniq_erolcha
Temple:   hc_temple_tempest_star

Skill      XL: |  1  2  3  4  5  6  7  8  9 10 11 |
---------------+----------------------------------+-----
Armour         | 4 5 6 8 9 10 11 | 11.9
Shields        | 4 5 6 7 |  7.1
Fighting       | 4 5 6 7 9 |  9.8
Long Blades    | 3 4 5 7 9 11 13 | 13.8
Dodging        | 1 2 3 4 |  4.1
Short Blades   | 1 |  1.1
Stealth        | 1 2 |  2.3
Invocations    | 1 |  1.4
Evocations     | |  0.1

Action                   |  1- 3 |  4- 6 |  7- 9 | 10-12 || total
-------------------------+-------+-------+-------+-------++-------
Melee: Long sword        |    85 |   136 |   377 |   355 ||   953
       Headbutt          |    11 |    16 |    79 |    91 ||   197
       Dagger            |       |     7 |     5 |       ||    12
Invok: Heroism           |       |       |       |    10 ||    10
Evoke: Wand              |       |       |     7 |       ||     7
  Use: Scroll            |       |     5 |     4 |     9 ||    18
       Potion            |       |       |     6 |     5 ||    11
Armor: Scale mail        |    49 |    66 |    70 |       ||   185
       Chain mail        |       |       |   109 |    36 ||   145
       Plate armour      |       |       |       |   141 ||   141
Dodge: Dodged            |    45 |    68 |   164 |   146 ||   423
Block: Buckler           |    21 |    35 |    79 |    84 ||   219
